 Dungeon Crawl Stone Soup version 0.30-a0-134-gb40fab5c76 (webtiles) character file.

Game seed: 14867517031193563196

546 testman the Magician (level 7, -3/46 HPs)
             Began as a Mummy Necromancer on Sept 19, 2022.
             Was an Initiate of Gozag.
             Slain by Grinder (9 damage)
             ... on level 4 of the Dungeon.
             The game lasted 00:21:02 (4967 turns).

testman the Magician (Mummy Necromancer)            Turns: 4967, Time: 00:21:02

Health: -3/46      AC:  5    Str: 11    XL:     7   Next: 6%
Magic:  14/16      EV: 12    Int: 17    God:    Gozag
Gold:   230        SH:  0    Dex: 12    Spells: 7/18 levels left

rFire   x . .      SeeInvis .    d - +2 short sword (protect)
rCold   + . .      Faith    +    (no shield)
rNeg    + + +      Spirit   .    a - +0 robe
rPois   ∞          Reflect  .    (no helmet)
rElec   .          Harm     .    p - +0 cloak
rCorr   .          Rampage  .    k - +0 pair of gloves
Will    .....                    c - +0 pair of boots
Stlth   ++........               (no amulet)
HPRegen 0.15/turn                r - ring of wizardry
MPRegen 0.15/turn                n - ring of flight

@: flying
A: cold resistance 1, negative energy resistance 3, torment resistance 2, heat
vulnerability 1, in touch with death 1, no potions, faith
a: Renounce Religion, Potion Petition, Call Merchant, Bribe Branch


You were on level 4 of the Dungeon.
You worshipped Gozag.
Gozag was aware of your devotion.
You visited 1 branch of the dungeon, and saw 4 of its levels.

You collected 426 gold pieces.
You spent 103 gold pieces at shops.
You paid 93 gold pieces to Gozag.

Inventory:

Hand Weapons
 d - a +2 short sword of protection (weapon)
 g - a +0 dagger of freezing
Missiles
 f - 4 datura-tipped darts
Armour
 a - a +0 robe (worn)
 c - a +0 pair of boots (worn)
 k - a +0 pair of gloves (worn)
 p - a +0 cloak (worn)
Jewellery
 n - a ring of flight (right hand)
 r - a ring of wizardry (left hand)
Wands
 m - a wand of roots (10)
 o - a wand of digging (6)
Scrolls
 b - a scroll of noise
 e - 2 scrolls of teleportation
 h - a scroll of poison
 i - 2 scrolls of fog {unknown}
 j - 3 scrolls of vulnerability
 l - 2 scrolls of silence {unknown}
 q - a scroll of enchant weapon {unknown}


   Skills:
 - Level 1.5 Dodging
 - Level 1.5 Stealth
 + Level 6.4 Spellcasting
 + Level 6.3 Necromancy
 + Level 2.1 Air Magic


You had 7 spell levels left.
You knew the following spells:

 Your Spells              Type           Power      Damage    Failure   Level
a - Necrotise             Necr           100%       1d9       1%          1
b - Vampiric Draining     Necr           40%        2d8       1%          3
c - Animate Dead          Necr           40%        N/A       3%          4
d - Swiftness             Air            12%        N/A       6%          3

Your spell library contained the following spells:

 Spells                   Type           Power      Damage    Failure   Level
 Shock                    Conj/Air       36%        1d5       3%          1
 Agony                    Necr           40%        N/A       11%         5
 Airstrike                Air            6%         2d(1-17)  21%         4


Dungeon Overview and Level Annotations

Branches:
Dungeon (4/15)
 Temple: D:4-7

Altars:
Gozag
Okawaru
Sif Muna
Wu Jian

Shops:
D:3 [:*

Annotations:
D:4 Grinder


Innate Abilities, Weirdness & Mutations

You are immune to poison.
Your flesh is cold resistant. (rC+)
You are immune to negative energy. (rN+++)
You are immune to unholy pain and torment.
You are vulnerable to heat. (rF-)
You are in touch with the powers of death.
You do not drink.
You have a special connection with the divine. (Faith)


Message History

You hit Grinder.
Grinder is severely wounded.
Grinder gestures at you.
You suddenly lose the ability to move!
Grinder says, "FISH!"
Grinder gestures at you.
You shrug off the repeated paralysis!
Grinder blinks! x2
You can move again.
Grinder drinks a potion.
Grinder is healed!
You barely miss Grinder.
Grinder is heavily wounded.
Grinder barely misses you.
You closely miss Grinder.
Grinder is heavily wounded.
Grinder says, "At least Makhleb appreciates what I'm doing."
Grinder hits you.
* * * LOW HITPOINT WARNING * * *
You closely miss Grinder.
Grinder is heavily wounded.
Grinder hits you!
* * * LOW HITPOINT WARNING * * *
You barely miss Grinder.
Grinder is heavily wounded.
Grinder barely misses you.
You hit Grinder.
Your weapon exudes an aura of protection.
Grinder is heavily wounded.
Grinder hits you but does no damage.
You closely miss Grinder.
Grinder is heavily wounded.
Grinder hits you.
* * * LOW HITPOINT WARNING * * *
You can't drink.
Okay, then.
You closely miss Grinder.
Grinder is heavily wounded.
Grinder hits you!
You die...
Your body crumbles into a pile of gold.

#...##.#
#.#####.######.#.#.###.
#.########## #.# #.........
#.#...#...# ##+## #.#######.
#.'..8#._.# ##...## #.......<.
###...#...# ##.....##
#.########
##.###.####.......###.##.##
#...#...##.........##.#...####
#.....8.#+...5................
#.8.#...##...@#########...####
###########.....# #....##
##..#.# #.#...# ##.#.# #.#.#.#
#.#.# #.#.#.# #.#.# #.#.#.#
..#.# #.#.#.# ...#.# #.#.#
....#.. ..#.#


You could see Grinder.

Vanquished Creatures
  A necrophage (D:4)
  2 scorpions (D:4)
  A jelly (D:4)
  An orc priest (D:4)
  Jessica (D:2)
  Terence (D:2)
  2 iguanas
  3 orc wizards
  5 adders
  A worm (D:3)
  2 dart slugs
  11 orcs
  5 endoplasms
  2 giant cockroaches
  7 goblins
  4 hobgoblins
  3 jackals (D:1)
  A quokka (D:1)
  3 ball pythons
  3 bats
  3 frilled lizards
  12 kobolds
  3 rats
77 creatures vanquished.

Notes
Turn   | Place    | Note
-------+----------+-------------------------------------------
     0 | D:1      | testman the Mummy Necromancer began the quest for the Orb.
     0 | D:1      | Reached XP level 1. HP: 13/13 MP: 4/4
    98 | D:1      | Found a faded altar of an unknown god.
   366 | D:1      | Reached XP level 2. HP: 19/19 MP: 3/6
  1242 | D:2      | Found an iron altar of Okawaru.
  1297 | D:2      | Gained mutation: You are in touch with the powers of death.
                  | [Mummy growth]
  1297 | D:2      | Reached XP level 3. HP: 18/24 MP: 2/8
  1654 | D:2      | You fall into a shaft and drop 2 floors!
  1752 | D:4      | Noticed a scorpion
  1769 | D:4      | Killed a scorpion
  1770 | D:4      | Reached skill level 5 in Necromancy
  1770 | D:4      | Reached XP level 4. HP: 19/30 MP: 1/10
  1889 | D:4      | Noticed a necrophage
  2112 | D:3      | Found Ecour's Book Shop.
  2222 | D:3      | Found Kusadud's Assorted Antiques.
  2398 | D:3      | Reached skill level 5 in Spellcasting
  2398 | D:3      | Reached XP level 5. HP: 35/35 MP: 5/12
  2614 | D:3      | Learned a level 3 spell: Vampiric Draining
  2619 | D:3      | Learned a level 4 spell: Animate Dead
  2623 | D:3      | Learned a level 3 spell: Swiftness
  2737 | D:3      | Found an opulent altar of Gozag.
  2744 | D:3      | Became a worshipper of Gozag Ym Sagoz the Greedy
  3109 | D:2      | Noticed Terence
  3120 | D:2      | Killed Terence
  3405 | D:2      | Noticed Jessica
  3407 | D:2      | Killed Jessica
  3916 | D:3      | Found Tarch's Antique Armour Boutique.
  3920 | D:3      | Bought a cloak for 103 gold pieces
  4113 | D:4      | Reached skill level 1 in Air Magic
  4113 | D:4      | Reached XP level 6. HP: 28/41 MP: 14/14
  4462 | D:4      | Found a shimmering blue altar of Sif Muna.
  4764 | D:4      | Found an ornate altar of the Wu Jian Council.
  4890 | D:4      | Noticed Grinder
  4893 | D:4      | Paralysed by Grinder for 5 turns
  4906 | D:4      | Reached XP level 7. HP: 41/46 MP: 5/16
  4932 | D:4      | Paralysed by Grinder for 4 turns
  4948 | D:4      | Paralysed by Grinder for 2 turns
  4952 | D:4      | Paralysed by Grinder for 5 turns
  4967 | D:4      | Slain by Grinder

Illustrated notes

Levels and vault maps discovered:
D:1:      saegor_arrival_simple_b, layout_basic,
          hellmonk_ecumenical_altar_lost_god
D:2:      layout_basic, serial_curves, eino_curves_01, eino_curves_01,
          basic_altar, chequers_serial_rivers_large_b, st_stairs_1,
          uniq_terence, uniq_jessica
D:3:      layout_loops_corners, mainiacjoe_overflow_boulevard, serial_shops,
          shop, nicolae_shop_stone, shop, nicolae_wormholes
D:4:      layout_loops_corners, led_sif_book, slow_altar_2,
          nicolae_wu_jian_immortal_techniques,
          minmay_temple_entry_statues_pillars, st_stairs_12, minivault_27,
          uniq_grinder

Skill      XL: |  1  2  3  4  5  6 |
---------------+-------------------+-----
Spellcasting   | 3 4 5 6 |  6.4
Necromancy     | 5 6 |  6.3
Air Magic      | 1 2 |  2.1
Dodging        | |  1.5
Stealth        | |  1.5

Action                   |  1- 3 |  4- 6 |  7- 9 || total
-------------------------+-------+-------+-------++-------
Melee: Dagger            |    54 |     8 |       ||    62
       Short sword       |       |    46 |    35 ||    81
       Punch             |       |     1 |     1 ||     2
 Cast: Necrotise         |    54 |    84 |       ||   138
       Vampiric Draining |       |     4 |       ||     4
  Use: Scroll            |       |     5 |       ||     5
 Stab: Sleeping          |     4 |     2 |       ||     6
Armor: Robe              |    12 |    24 |    14 ||    50
Dodge: Dodged            |    43 |    47 |     9 ||    99

Table legend: (Time is in decaauts)
 A = Elapsed time spent in this place.
 B = Non-inter-level travel time spent in this place.
 C = Inter-level travel time spent in this place.
 D = Time resting spent in this place.
 E = Time spent auto-exploring this place.
 F = Levels seen in this place.
 G = Mean time per level.
                   A        B        C        D        E       F      G
               +--------+--------+--------+--------+--------+-----+--------+
         Total |   4990 |   4837 |    153 |    328 |   3755 |   4 | 1247.5 |
       Dungeon |   4990 |   4837 |    153 |    328 |   3755 |   4 | 1247.5 |
               +--------+--------+--------+--------+--------+-----+--------+

Top non-repeatable levels by time:
     D:3: 1493 daAuts
     D:1: 1241 daAuts
     D:4: 1134 daAuts
     D:2: 1121 daAuts
